 Dungeon Crawl Stone Soup version 0.29.0-4-gdea44cf6ec (webtiles) character file.

Game seed: 5848054576527920714

107 qw the Chopper (level 4, -1/26 HPs)
             Began as a Tengu Warper on Aug 28, 2022.
             Slain by Pargi (7 damage)
             ... on level 3 of the Dungeon.
             The game lasted 00:00:14 (2966 turns).

qw the Chopper (Tengu Warper)                       Turns: 2966, Time: 00:00:14

Health: -1/26      AC:  6    Str: 19    XL:     4   Next: 85%
Magic:  8/8        EV: 10    Int: 13    God:
Gold:   136        SH:  0    Dex: 14    Spells: 7/7 levels left

rFire   . . .      SeeInvis .   Y - +3 hand axe
rCold   . . .      Faith    .   (no shield)
rNeg    . . .      Spirit   .   o - +0 scale mail
rPois   +          Reflect  .   (helmet restricted)
rElec   .          Harm     .   (no cloak)
rCorr   .          Rampage  .   (no gloves)
Will    .....                   (boots unavailable)
Stlth   ..........              (no amulet)
HPRegen 0.08/turn               d - ring of poison resistance
MPRegen 0.11/turn               h - +6 ring of strength

@: about to teleport
A: beak, talons 3
a: no special abilities


You were on level 3 of the Dungeon.
You visited 1 branch of the dungeon, and saw 3 of its levels.

You collected 172 gold pieces.
You spent 36 gold pieces at shops.


Innate Abilities, Weirdness & Mutations

You have a beak for a mouth.
You have claws for feet.


   Skills:
 - Level 2.0 Fighting
 + Level 5.3 Axes
 - Level 1.0 Throwing
 - Level 1.1 Armour
 - Level 2.1 Dodging
 - Level 2.0 Spellcasting
 - Level 2.4 Translocations


You had 7 spell levels left.
You didn't know any spells.
Your spell library contained the following spells:

 Spells                   Type           Power      Damage    Failure   Level
 Blink                    Tloc           14%        N/A       41%         2
 Gell's Gravitas          Tloc           7%         N/A       65%         3
 Lesser Beckoning         Tloc           7%         N/A       65%         3
 Teleport Other           Tloc           7%         N/A       65%         3
 Manifold Assault         Tloc           7%         N/A       100%        5

Inventory:

Hand Weapons
 n - a +0 flail
 Y - a +3 hand axe (weapon)
Armour
 o - a +0 scale mail (worn)
Jewellery
 d - a ring of poison resistance (left hand)
 h - a +6 ring of strength (right hand)
 l - a ring of willpower
Scrolls
 f - a scroll of teleportation
 i - 2 scrolls of identify
Potions
 a - a potion of brilliance {unknown}
 b - a potion of attraction {unknown}
 c - a potion of heal wounds {unknown}
 e - a potion of lignification {unknown}
 g - 2 potions of degeneration {unknown}
 j - a potion of curing {unknown}
 k - a potion of invisibility {unknown}
 m - a potion of resistance

Dungeon Overview and Level Annotations

Branches:
Dungeon (3/15)

Altars:
Yredelemnul

Shops:
D:2 *

Annotations:
D:2 1 runed translucent door, Crazy Yiuf
D:3 Pargi


Message History

A hobgoblin comes into view.
Found a smoky yellow potion.
The hobgoblin shouts!
The hobgoblin moves out of view.
Pargi the Meek comes into view.
Pargi shouts!
You slash Pargi! You claw Pargi!
Pargi is heavily wounded.
Pargi closely misses you. Pargi claws you but does no damage.
Pargi barely misses you.
You hit Pargi.
Pargi is heavily wounded.
Pargi barely misses you. Pargi claws you but does no damage. x2
You closely miss Pargi. Your kick misses Pargi.
Pargi is heavily wounded.
You hit the hobgoblin. Pargi closely misses you. Pargi claws you.
Pargi barely misses you. The hobgoblin hits you.
You hit the hobgoblin.
You kill the hobgoblin!
You barely miss Pargi. Pargi closely misses you. Pargi claws you. x2
You slash Pargi!
Pargi is severely wounded.
Pargi clenches his teeth.
Pargi bites you. Pargi closely misses you. Pargi claws you but does no damage.
You hit Pargi. Your kick misses Pargi.
Pargi is almost dead.
Pargi closely misses you. Pargi claws you. Pargi claws you but does no damage.
You hit Pargi but do no damage. You claw Pargi.
Pargi is almost dead.
Pargi bites you but does no damage. Pargi claws you. Pargi closely misses you.
You hit Pargi. You claw Pargi.
Pargi is almost dead.
Pargi bites you. Pargi claws you but does no damage. x2
2966 ||| READING 2 scrolls of teleportation.
As you read the scroll of teleportation, it crumbles to dust.
You feel strangely unstable. Pargi bites you!
You die...

#.. #.>..## .. #.#
###...# . !. ..##. ##...
.. .## ####.## #... ...
.. ...#######.. ....#.#
.......###.. .......
#.###......
....#.%#######.#....##..
......T@.##........###.#
#######............# #.#
#............# #..
####.....###.# ###
#..#....#..# #
##..#.......###
##..#....#.#..
##...#.......
##.....##...


You could see Pargi.

Vanquished Creatures
  Terence (D:3)
  4 adders
  A worm (D:2)
  3 orcs (D:2)
  7 bats
  2 endoplasms (D:1)
  A giant cockroach (D:3)
  3 goblins
  6 hobgoblins
  3 jackals (D:2)
  A quokka (D:2)
  2 ball pythons
  A frilled lizard (D:1)
  4 kobolds
  3 rats (D:1)
42 creatures vanquished.

Notes
Turn   | Place    | Note
-------+----------+-------------------------------------------
     0 | D:1      | qw the Tengu Warper began the quest for the Orb.
     0 | D:1      | Reached XP level 1. HP: 12/12 MP: 4/4
     0 | D:1      | 0 ||| qw: Version: 0.1-a-89-g26bdef1
     0 | D:1      | 0 ||| qw: Game counter: 3100
     0 | D:1      | 0 ||| qw: Always use a shield: true
     0 | D:1      | 0 ||| qw: God list: Okawaru
     0 | D:1      | 0 ||| qw: Allow faded altars: false
     0 | D:1      | 0 ||| qw: Do Orc after D:15 true
     0 | D:1      | 0 ||| qw: Do second Lair branch before Depths: true
     0 | D:1      | 0 ||| qw: Lair rune preference: random
     0 | D:1      | 0 ||| qw: Plans: Normal
     0 | D:1      | 0 ||| PLANNING D:1-11
   242 | D:1      | Reached skill level 3 in Axes
   242 | D:1      | Reached XP level 2. HP: 16/17 MP: 6/6
   913 | D:1      | 913 ||| UPGRADING to +0 ring mail.
   923 | D:1      | 923 ||| DROPPING +0 leather armour.
   924 | D:1      | 924 ||| UPGRADING to ring of poison resistance.
   925 | D:1      | 925 ||| UPGRADING to +6 ring of strength.
   926 | D:1      | 926 ||| DROPPING ring of flight.
   927 | D:1      | 927 ||| READING 2 scrolls labelled COIZEA BATRING.
   928 | D:1      | 928 ||| READING scroll labelled KUTHRA JEIPIOS.
   933 | D:1      | 933 ||| READING scroll labelled FOWEXY CIPRYIL.
   934 | D:1      | 934 ||| READING scroll labelled HOVETS NOTERPH.
  1067 | D:1      | 1067 ||| DROPPING scroll of magic mapping.
  1068 | D:1      | 1068 ||| DROPPING scroll of blinking.
  1087 | D:2      | Found Zyjirph's Assorted Antiques.
  1091 | D:2      | Reached XP level 3. HP: 17/21 MP: 7/7
  1091 | D:2      | 1091 ||| STAIRDANCE
  1149 | D:2      | 1149 ||| SHOPLISTING flail (73 gold, have 72).
  1149 | D:2      | 1149 ||| BUYING fuming blue potion (18 gold).
  1149 | D:2      | Bought a fuming blue potion for 18 gold pieces
  1149 | D:2      | 1149 ||| BUYING fuming green potion (18 gold).
  1149 | D:2      | Bought a fuming green potion for 18 gold pieces
  1149 | D:2      | 1149 ||| SHOPLISTING glowing chain mail (157 gold, have
                  | 36).
  1149 | D:2      | 1149 ||| SHOPLISTING scroll of teleportation (63 gold, have
                  | 36).
  1205 | D:2      | Reached skill level 4 in Axes
  1508 | D:2      | Reached XP level 4. HP: 25/26 MP: 8/8
  1518 | D:2      | 1518 ||| DROPPING +0 whip.
  1536 | D:2      | Found a runed translucent door.
  1537 | D:2      | Noticed Crazy Yiuf
  2249 | D:2      | 2249 ||| UPGRADING to +0 scale mail.
  2259 | D:2      | 2259 ||| DROPPING +0 ring mail.
  2260 | D:2      | 2260 ||| READING 3 scrolls labelled HAMUFA OTOUNTES.
  2261 | D:2      | 2261 ||| READING 2 scrolls of enchant weapon.
  2261 | D:2      | 2261 ||| ENCHANTING +1 hand axe.
  2262 | D:2      | 2262 ||| READING scroll of enchant weapon.
  2262 | D:2      | 2262 ||| ENCHANTING +2 hand axe.
  2263 | D:2      | 2263 ||| READING scroll labelled CEONNUESIS.
  2264 | D:2      | 2264 ||| READING scroll labelled ERANWEXZ TOPOGG.
  2265 | D:2      | 2265 ||| DRINKING 2 amethyst potions.
  2349 | D:3      | 2349 ||| STAIRDANCE
  2510 | D:3      | 2510 ||| STAIRDANCE
  2680 | D:3      | Found a basalt altar of Yredelemnul.
  2746 | D:3      | Reached skill level 5 in Axes
  2791 | D:3      | Noticed Terence
  2800 | D:3      | Killed Terence
  2810 | D:3      | 2810 ||| FLEEEEING.
  2811 | D:3      | 2811 ||| FLEEEEING.
  2812 | D:3      | 2812 ||| FLEEEEING.
  2813 | D:3      | 2813 ||| FLEEEEING.
  2814 | D:3      | 2814 ||| FLEEEEING.
  2815 | D:3      | 2815 ||| FLEEEEING.
  2816 | D:3      | 2816 ||| FLEEEEING.
  2817 | D:3      | 2817 ||| FLEEEEING.
  2951 | D:3      | Noticed Pargi
  2965 | D:3      | HP: 6/26 [Pargi (2)]
  2966 | D:3      | 2966 ||| READING 2 scrolls of teleportation.
  2966 | D:3      | Slain by Pargi

Levels and vault maps discovered:
D:1:      tarquinn_simple_flora_water_b, layout_basic
D:2:      layout_basic, serial_shops, shop, uniq_crazy_yiuf_cottage
D:3:      layout_rooms, mainiacjoe_overflow_chevrons, marbit_many_paths,
          minmay_misc_feat_tiny, uniq_terence, uniq_pargi

Skill      XL: |  1  2  3  4 |
---------------+-------------+-----
Axes           | 3 4 5 |  5.3
Fighting       | |  2.0
Throwing       | |  1.0
Armour         | |  1.1
Dodging        | |  2.1
Spellcasting   | |  2.0
Translocations | |  2.4

Action                   |  1- 3 |  4- 6 || total
-------------------------+-------+-------++-------
Melee: Hand axe          |    56 |    35 ||    91
       Kick              |    15 |    11 ||    26
       Peck              |     9 |     4 ||    13
Throw: Boomerang         |     7 |       ||     7
  Use: Scroll            |     4 |     6 ||    10
       Potion            |       |     1 ||     1
Armor: Leather armour    |    11 |       ||    11
       Ring mail         |     6 |     1 ||     7
       Scale mail        |       |    12 ||    12
Dodge: Dodged            |    28 |    20 ||    48

Table legend:
 A = Non-vault XP
 B = Vault XP
 C = Vault XP percentage of total XP
 D = Non-vault monster count
 E = Vault monster count
 F = Vault count percentage of total count
                 A         B        C        D         E       F
            +---------+---------+-------+---------+---------+-------
      Total |     121 |      32 |  20.9 |      41 |       1 |   2.4
            +---------+---------+-------+---------+---------+-------
        D:1 |      27 |       0 |   0.0 |      17 |       0 |   0.0
        D:2 |      70 |       0 |   0.0 |      17 |       0 |   0.0
        D:3 |      24 |      32 |  57.1 |       7 |       1 |  12.5
            +---------+---------+-------+---------+---------+-------
